 Dungeon Crawl Stone Soup version 0.31.0-11-ge490571c62 (webtiles) character file.

Game seed: 2377861561162965179

160 javelincjr the Changeling (level 5, 0/58 HPs)
             Began as a Demonspawn Shapeshifter on Jan 30, 2024.
             Succumbed to a scorpion's poison
             ... on level 4 of the Dungeon.
             The game lasted 00:08:10 (2680 turns).

javelincjr the Changeling (Demonspawn Shapeshifter) Turns: 2680, Time: 00:08:10

Health: 0/58       AC: 30    Str: 16    XL:     5   Next: 17%
Magic:  5/5        EV:  2    Int: 10    God:
Gold:   166        SH:  0    Dex: 13    Spells: 4/4 levels left

rFire   . .          .
                       - Unarmed
rCold   . . .        (no shield)
rNeg    . . .        a - melded +0 animal skin
rPois   +            (helmet currently unavailable)
rElec   .            (cloak currently unavailable)
rCorr   .            (gloves currently unavailable)
SInv    .            (boots currently unavailable)
Will    .....        (no amulet)
Stlth   +            e - +4 ring of protection
HPRegen 0.29/turn    q - +4 ring of protection
MPRegen 0.18/turn

%: no passive effects
@: brilliant, lethally poisoned (0 -> -4), tree-form, invisible
A: stationary, stasis, torment immunity, boosted hp, (antennae 1), magic
regeneration
a: no special abilities


You were on level 4 of the Dungeon.
You were a tree.
You visited 1 branch of the dungeon, and saw 4 of its levels.

You collected 194 gold pieces.
You spent 28 gold pieces at shops.

Inventory:

Missiles
 j - 3 atropa-tipped darts (quivered)
 k - 37 stones
 l - 6 boomerangs
 v - 4 poisoned darts
Armour
 a - a +0 animal skin (melded)
 f - a +0 helmet
 h - a +0 hat
 o - a +0 ring mail
 r - a +0 scale mail
 x - a +0 pair of gloves
Jewellery
 e - a +4 ring of protection (left branch)
 q - a +4 ring of protection (right branch)
 s - a ring of poison resistance
Talismans
 c - a beast talisman
 d - a flux talisman
Scrolls
 i - a scroll of teleportation
 m - a scroll of fear
 p - a scroll of enchant armour {unknown}
 u - a scroll of revelation {unknown}
 w - 2 scrolls of identify
Potions
 g - a potion of brilliance
 n - 2 potions of might


   Skills:
 + Level 2.3 Fighting
 + Level 2.6 Dodging
 + Level 3.4 Unarmed Combat
 * Level 3.7 Shapeshifting


You had 4 spell levels left.
You didn't know any spells.
Your spell library contained the following spells:

 Spells                   Type           Power      Damage    Failure   Level
 Hailstorm                Conj/Ice       0%         3d5       75%         3
 Summon Ice Beast         Ice/Summ       0%         N/A       75%         3
 Sculpt Simulacrum        Ice/Alch       0%         N/A       100%        6


Dungeon Overview and Level Annotations

Branches:
Dungeon (4/15)
 Temple: D:4-7

Altars:

Shops:
D:2 *


Innate Abilities, Weirdness & Mutations

You are a tree.
Your roots penetrate the ground, keeping you stationary.
You cannot be teleported.
You are immune to unholy pain and torment.
Your maximum health is greatly increased.
Your equipment is partially melded.
((You have a pair of small antennae on your head.))
You regenerate magic rapidly.


Message History

You hit the scorpion.
The scorpion is heavily wounded.
You feel sick. The scorpion stings you.
You are lethally poisoned!
The scorpion poisons you!
You barely miss the scorpion.
The scorpion is heavily wounded.
* * * LOW HITPOINT WARNING * * *
You feel very sick. The scorpion barely misses you. x2
You closely miss the scorpion.
The scorpion is heavily wounded.
* * * LOW HITPOINT WARNING * * *
You feel sick.
The scorpion stings you but does no damage.
It was a potion of brilliance.
You feel clever all of a sudden.
* * * LOW HITPOINT WARNING * * *
You feel very sick. The scorpion stings you.
* * * LOW HITPOINT WARNING * * *
It was a potion of invisibility.
You fade into invisibility!
* * * LOW HITPOINT WARNING * * *
You feel sick. The scorpion barely misses you.
Okay, then.
Your transformation has ended.
You turn into a tree.
Your +0 animal skin melds into your body.
Your roots penetrate the ground.
* * * LOW HITPOINT WARNING * * *
You feel sick. The scorpion completely misses you.
You hit the scorpion.
The scorpion is heavily wounded.
* * * LOW HITPOINT WARNING * * *
You feel sick.
The scorpion stings you but does no damage.
You hit the scorpion.
The scorpion is severely wounded.
You die...

#.. #.# ##.. #.#
### ... ... ...#
#..###.##...# #...
....<..# #...
#..#...###
#.#...##.........
#>...s♣..........
#.#...###.#......
#......<.......
.........#......
..................
#......###.#......
#...... #.#......
#...... ..# .....
.. ... .....


You could see a scorpion (unable to see you).

Vanquished Creatures
  Natasha (twice) (D:3)
  4 adders
  3 dart slugs
  2 ribbon worms (D:2)
  5 orcs
  7 ball pythons
  3 bats
  3 endoplasms
  2 giant cockroaches
  3 goblins
  4 hobgoblins
  3 quokkas
  8 frilled lizards
  6 kobolds
  6 rats
61 creatures vanquished.

Notes
Turn   | Place    | Note
-------+----------+-------------------------------------------
     0 | D:1      | javelincjr the Demonspawn Shapeshifter began the quest for
                  | the Orb.
     0 | D:1      | Reached XP level 1. HP: 15/15 MP: 1/1
    90 | D:1      | Discovered your monstrous ancestry.
    90 | D:1      | Gained mutation: You have a pair of small antennae on your
                  | head. [demonic ancestry]
    90 | D:1      | Reached XP level 2. HP: 17/21 MP: 2/2
   695 | D:2      | Reached XP level 3. HP: 23/26 MP: 3/3
   718 | D:2      | Found a faded altar of an unknown god.
   886 | D:2      | Found Ukug's General Store.
   890 | D:2      | Bought a scroll of identify for 28 gold pieces
  1335 | D:2      | Reached XP level 4. HP: 11/33 MP: 4/4
  2202 | D:3      | Noticed Natasha
  2208 | D:3      | Killed Natasha
  2318 | D:3      | Noticed Natasha
  2330 | D:3      | Killed Natasha
  2331 | D:3      | Gained mutation: You regenerate magic rapidly. [demonic
                  | ancestry]
  2331 | D:3      | Reached XP level 5. HP: 19/39 MP: 5/5
  2677 | D:4      | HP: 1/39 [poisoned by a scorpion]
  2680 | D:4      | Succumbed to a scorpion's poison

Illustrated notes

Levels and vault maps discovered:
D:1:      dpeg_arrival_leaves_temple_mockup, layout_basic
D:2:      layout_loops_ring, hellmonk_ecumenical_altar_arch_garden,
          serial_shops, shop, basic_altar, minmay_box_of_dots
D:3:      layout_basic, minmay_misc_feat_nine_boxes, minmay_misc_feat_diagonals,
          uniq_natasha
D:4:      layout_basic

Skill      XL: |  1  2  3 |
---------------+----------+-----
Dodging        | 2 |  2.6
Shapeshifting  | 3 |  3.7
Unarmed Combat | 3 |  3.4
Fighting       | 2 |  2.3

Action                     |  1- 3 |  4- 6 || total
---------------------------+-------+-------++-------
  Melee: Unarmed           |   109 |    76 ||   185
         Punch             |     2 |     2 ||     4
  Throw: Dart              |     2 |     1 ||     3
    Use: Scroll            |     3 |       ||     3
         Potion            |       |     3 ||     3
   Stab: Sleeping          |     1 |     1 ||     2
 Armour: Animal skin       |    56 |    40 ||    96
         Skin              |       |     1 ||     1
  Dodge: Dodged            |    68 |    51 ||   119
